 Dungeon Crawl Stone Soup version 0.31.0-32-g396128a36d (webtiles) character file.

Game seed: 16782365809882732225

1030 Atyminus the Sneak (level 8, -4/9 HPs)
             Began as a White Draconian Brigand on Mar 22, 2024.
             Was an Initiate of Ru.
             Slain by a phantom (6 damage)
             ... on level 5 of the Dungeon.
             The game lasted 00:17:40 (4260 turns).

Atyminus the Sneak (White Draconian Brigand)        Turns: 4260, Time: 00:17:41

Health: -4/9       AC:  1    Str: 24    XL:     8   Next: 3%
Magic:  11/11      EV:  8    Int: 13    God:    Ru [......]
Gold:   20         SH:  0    Dex: 13    Spells: 4/11 levels left

rFire   x . .        o - melded +9 hammer "Tamicio" {protect, Will+}
rCold   + + .        (shield currently unavailable)
rNeg    . . .        (body armour unavailable)
rPois   +            (helmet currently unavailable)
rElec   .            b - melded +1 cloak
rCorr   .            p - melded +1 Delatra's gloves {ID++}
SInv    .            (boots currently unavailable)
Will    .....        (no amulet)
Stlth   +++          e - ring of poison resistance
HPRegen 0.21/turn    (no ring)
MPRegen 0.12/turn

%: no passive effects
@: short of breath, dragon-form, flying
A: dragon claw, dragon scales, flying, reduced hp, breathe frost, AC +6, giant,
unfitting armour, (cold resistance 1), (cold-blooded)
a: Breathe Frost, Begin Untransformation, Renounce Religion


You were on level 5 of the Dungeon.
You worshipped Ru.
Ru was noncommittal.
You were a fearsome ice dragon!
You visited 1 branch of the dungeon, and saw 5 of its levels.

You collected 220 gold pieces.
You spent 200 gold pieces at shops.

Inventory:

Hand Weapons
 j - a +5 dagger of draining
 m - a +4 antimagic demon trident
 o - the +9 hammer "Tamicio" (melded) {protect, Will+}
   (You found it on level 2 of the Dungeon)

   Will+:     It increases your willpower.
 u - the +7 short sword of Quick Exoneration {drain, Str+3}
   (You bought it in a shop on level 4 of the Dungeon)

   Str+3:     It affects your strength (+3).
Missiles
 d - 3 curare-tipped darts
 k - 4 boomerangs (quivered)
 s - 2 javelins
Armour
 b - a +1 cloak (melded)
 p - the +1 Delatra's gloves (melded) {ID++}
   (You found it on level 4 of the Dungeon)

   ID++:      It heals its wearer when they drink unknown potions, and restores
   their MP when they read unknown scrolls.
Jewellery
 a - a ring of flight
 c - an amulet of reflection
 e - a ring of poison resistance (left foreclaw)
Talismans
 l - a dragon-blood talisman (active)
Wands
 n - a wand of flame (9)
Scrolls
 i - a scroll of revelation
 v - a scroll of poison
 w - a scroll of fear
Potions
 f - 2 potions of degeneration
 g - a potion of lignification
 h - a potion of curing {unknown}
 q - a potion of might
 r - a potion of magic {unknown}
 t - a potion of ambrosia {unknown}


   Skills:
 * Level 3.8 Fighting
 - Level 2.4 Short Blades
 * Level 3.1 Maces & Flails
 * Level 2.1 Polearms
 * Level 3.5 Throwing
 * Level 3.1 Dodging
 * Level 5.0 Stealth
 * Level 2.1 Spellcasting
 * Level 1.4 Conjurations
 * Level 1.1 Summonings
 * Level 1.4 Alchemy
 * Level 1.8 Evocations


You had 4 spell levels left.
You knew the following spells:

 Your Spells              Type           Power      Damage    Failure   Level
a - Olgreb's Toxic Radia  Alch           5%         N/A       80%         4
b - Sting                 Conj/Alch      20%        1d4       14%         1
c - Call Imp              Summ           8%         N/A       24%         2

Your spell library contained the following spells:

 Spells                   Type           Power      Damage    Failure   Level
 Mercury Vapours          Alch/Air       6%         N/A       28%         2
 Ensorcelled Hibernation  Hex/Ice        2%         N/A       36%         2
 Sublimation of Blood     Necr           1%         N/A       36%         2
 Passwall                 Erth           1%         N/A       58%         3
 Swiftness                Air            1%         N/A       58%         3
 Summon Hydra             Summ           2%         N/A       100%        7


Dungeon Overview and Level Annotations

Branches:
Dungeon (5/15)
 Temple: D:4-7

Altars:
Cheibriados
Ru
Uskayaw
Zin

Shops:
D:4 *[


Innate Abilities, Weirdness & Mutations

You are a fearsome ice dragon!
You have a powerful clawing attack.
Your giant scaled body is strong and resilient, but less evasive.
Your breath weapon is enhanced in this form.
You are flying.
Your maximum health is decreased, since you lack skill for your form.
Your armour is entirely melded.
You are incapable of wielding weapons or throwing items.
You can breathe waves of freezing cold which knock back foes.
Your icy white scales are hard. (AC +6)
You cannot fit into any form of body armour.
((Your flesh is cold resistant. (rC+)))
((You are cold-blooded and may be slowed by cold attacks.))


Message History

Aiming: Breathe Frost (1% risk of failure)
Press: ? - help, Shift-Dir - straight line, f - phantom
Aim: a phantom (dormant, 100% to hit)
You exhale a wave of freezing cold.
The freezing breath hits the phantom.
The phantom resists.
The phantom is lightly damaged.
The phantom is knocked back by the freezing wind.
The freezing breath hits the phantom.
The phantom resists.
The phantom is lightly damaged.
The phantom is knocked back by the freezing wind.
Unknown command.
Aiming: Throw Flame
Press: ? - help, Shift-Dir - straight line, f/p - phantom
Aim: a phantom (lightly damaged, 60% to hit)
The puff of flame hits the phantom.
The phantom is moderately damaged.
Aiming: Throw Flame
Press: ? - help, Shift-Dir - straight line, f/p - phantom
Aim: a phantom (moderately damaged, 60% to hit)
The puff of flame misses the phantom.
Aiming: Throw Flame
Press: ? - help, Shift-Dir - straight line, f/p - phantom
Aim: a phantom (moderately damaged, 60% to hit)
The puff of flame hits the phantom!
The phantom is heavily damaged.
Unknown command.
Aiming: Throw Flame
Press: ? - help, Shift-Dir - straight line, f/p - phantom
Aim: a phantom (heavily damaged, 60% to hit)
The puff of flame misses the phantom.
You barely miss the phantom. You bite the phantom.
The phantom is severely damaged.
The phantom hits you!
Ouch! That really hurt!
* * * LOW HITPOINT WARNING * * *
You hit the phantom.
Your tail-slap misses the phantom.
The phantom is severely damaged.
The phantom hits you.
Ouch! That really hurt!
You die...

......# #(....#
......##############.##
..................##..#
.......##########.##..#
.......# #.##..#
.......##########.##..#
......................#
.......##############.####
.......#.......WD........#
##.###.#.############.#.##
#.# #.# #...# #.# #.#
##### #.# #^# #.# #.# #.#
#.# #.# #.# #.. ...


You could see a phantom.

Vanquished Creatures
  Grinder (D:3)
  An orc warrior (D:4)
  Pargi (D:3)
  A gnoll sergeant (D:4)
  2 bombardier beetles (D:4)
  Crazy Yiuf (D:2)
  An orc priest (D:4)
  3 iguanas
  4 orc wizards (D:4)
  Robin (D:3)
  10 gnolls
  4 adders
  2 ufetubi (D:5)
  2 ribbon worms
  A dart slug (D:1)
  15 orcs
  4 bats (D:1)
  4 endoplasms
  6 giant cockroaches
  12 goblins
  14 hobgoblins
  3 jackals (D:4)
  7 quokkas
  9 ball pythons
  5 frilled lizards
  9 kobolds
  2 rats
125 creatures vanquished.

Vanquished Creatures (collateral kills)
  A jackal (D:4)
1 creature vanquished.

Grand Total: 126 creatures vanquished

Notes
Turn   | Place    | Note
-------+----------+-------------------------------------------
     0 | D:1      | Atyminus the Draconian Brigand began the quest for the Orb.
     0 | D:1      | Reached XP level 1. HP: 17/17 MP: 1/1
    92 | D:1      | Reached skill level 1 in Dodging
    96 | D:1      | Reached XP level 2. HP: 24/24 MP: 2/2
   114 | D:1      | Reached skill level 4 in Stealth
   543 | D:1      | Reached XP level 3. HP: 30/30 MP: 3/3
  1124 | D:2      | Reached XP level 4. HP: 37/37 MP: 3/5
  1220 | D:2      | Identified a scroll of acquirement
  1220 | D:2      | Acquired a +4 antimagic demon trident
  1301 | D:2      | Found a runed translucent door.
  1302 | D:2      | Noticed Crazy Yiuf
  1310 | D:2      | Killed Crazy Yiuf
  1317 | D:2      | Identified the +9 hammer "Tamicio" {protect, Will+}
  1450 | D:3      | Noticed Pargi
  1458 | D:3      | Killed Pargi
  1459 | D:3      | Reached skill level 1 in Spellcasting
  1459 | D:3      | Reached XP level 5. HP: 36/44 MP: 6/6
  1510 | D:3      | Found a hide-covered altar of Uskayaw.
  1624 | D:4      | Reached skill level 1 in Polearms
  1645 | D:4      | Reached XP level 6. HP: 6/51 MP: 8/8
  1985 | D:4      | Reached skill level 1 in Maces & Flails
  1985 | D:4      | Reached skill level 1 in Evocations
  2053 | D:3      | Noticed Robin
  2348 | D:4      | Learned a level 4 spell: Olgreb's Toxic Radiance
  2350 | D:4      | Learned a level 1 spell: Sting
  2674 | D:4      | Found Kajanov's Assorted Antiques.
  2674 | D:4      | Found Taninej's Armour Emporium.
  2729 | D:4      | Learned a level 2 spell: Call Imp
  2892 | D:4      | Your scales start taking on an icy white colour.
  2892 | D:4      | Reached XP level 7. HP: 56/57 MP: 9/9
  2892 | D:4      | Gained mutation: Your flesh is cold resistant. (rC+) [White
                  | Draconian growth]
  3155 | D:4      | Found the +1 Delatra's gloves {ID++}
  3193 | D:4      | Reached skill level 1 in Alchemy
  3201 | D:4      | Reached skill level 1 in Conjurations
  3426 | D:4      | Found a glowing silver altar of Zin.
  3433 | D:4      | Found a sacrificial altar of Ru.
  3445 | D:4      | Became a worshipper of Ru the Awakened
  3565 | D:3      | Killed Robin
  3596 | D:3      | Noticed Grinder
  3607 | D:3      | Killed Grinder
  3608 | D:3      | Reached skill level 5 in Stealth
  3608 | D:3      | Reached skill level 1 in Summonings
  3620 | D:3      | Found a snail-covered altar of Cheibriados.
  3966 | D:4      | Bought a fine short sword for 200 gold pieces
  3966 | D:4      | Identified the +7 short sword of Quick Exoneration {drain,
                  | Str+3} (You bought it in a shop on level 4 of the Dungeon)
  4030 | D:5      | Entered Level 5 of the Dungeon
  4046 | D:5      | Reached XP level 8. HP: 66/66 MP: 11/11
  4260 | D:5      | Slain by a phantom

Illustrated notes

Levels and vault maps discovered:
D:1:      wander_arrival_chamber, layout_basic
D:2:      layout_basic, chequers_serial_rivers_micro_c, minmay_tromino_v4_b,
          uniq_crazy_yiuf_cottage
D:3:      layout_rooms, cheibrodos_worm_habitat, general_overflow_altar,
          grunt_ministairs_14, uniq_robin, uniq_pargi, uniq_grinder
D:4:      layout_rooms, jmf_multi_god_temple2, columned_hall_lemuel,
          corexii_hall_statues_x, nicolae_wooded_promenade,
          minmay_misc_feat_tiny, chequers_hall_statues_y, grunt_ministairs_13,
          pf_guarded_unrand_delatra
D:5:      layout_basic, demons_altar, minmay_temple_entry_proselytizer

Skill      XL: |  1  2  3  4  5  6  7 |
---------------+----------------------+-----
Dodging        | 1 2 3 |  3.1
Stealth        | 4 5 |  5.0
Throwing       | 2 3 |  3.5
Spellcasting   | 1 2 |  2.1
Fighting       | 3 |  3.8
Polearms       | 1 2 |  2.1
Maces & Flails | 2 3 |  3.1
Evocations     | 1 |  1.8
Alchemy        | 1 |  1.4
Conjurations   | 1 |  1.4
Summonings     | 1 |  1.1
Short Blades   | |  2.4

Action                     |  1- 3 |  4- 6 |  7- 9 || total
---------------------------+-------+-------+-------++-------
  Melee: Dagger            |   101 |     3 |       ||   104
         Tailslap          |    12 |     8 |     1 ||    21
         Punch             |     1 |     2 |       ||     3
         Mace              |       |   101 |    45 ||   146
         Demon trident     |       |     2 |       ||     2
         Unarmed           |       |       |     4 ||     4
         Bite              |       |       |     1 ||     1
  Throw: Dart              |     8 |       |       ||     8
         Javelin           |    17 |    19 |       ||    36
         Boomerang         |       |       |    21 ||    21
   Cast: Call Imp          |       |     1 |     1 ||     2
         Sting             |       |     1 |       ||     1
Ability: Breathe Frost     |       |       |    14 ||    14
  Evoke: Wand              |       |     9 |     5 ||    14
    Use: Scroll            |     4 |     5 |     3 ||    12
         Potion            |       |     4 |     1 ||     5
   Stab: Sleeping          |     2 |     3 |     1 ||     6
         Fleeing           |       |     1 |       ||     1
 Armour: Skin              |    67 |   125 |    51 ||   243
  Dodge: Dodged            |    76 |    87 |    28 ||   191
   Form: Dragon            |       |       |     1 ||     1
